 Dungeon Crawl Stone Soup version 0.29-a0-620-g13ace881f2 (webtiles) character file.

Game seed: 2617699266813499825

7486 CollectiveS the Basher (level 10, -10/71 HPs)
             Began as a Demonspawn Fighter on June 19, 2022.
             Was a High Priest of Dithmenos.
             Mangled by a komodo dragon (17 damage)
             ... on level 9 of the Dungeon.
             The game lasted 00:31:09 (12560 turns).

CollectiveS the Basher (Demonspawn Fighter)        Turns: 12560, Time: 00:31:09

Health: -10/71     AC: 10    Str: 20    XL:     10   Next: 94%
Magic:  0/10       EV: 11    Int: 10    God:    Dithmenos [*****.]
Gold:   476        SH:  5    Dex: 13    Spells: 9/9 levels left

rFire   . . .      SeeInvis .   o - +2 flail (venom)
rCold   + . .      Faith    .   c - +0 buckler
rNeg    . . .      Spirit   +   x - +4 scale mail {rC+}
rPois   .          Reflect  .   (helmet restricted)
rElec   .          Harm     .   (no cloak)
rCorr   .          Rampage  .   (no gloves)
Will    .....                   (no boots)
Stlth   ..........              k - amulet of guardian spirit
HPRegen 0.21/turn               (no ring)
MPRegen 0.12/turn               (no ring)

@: wreathed by umbra
A: horns 1, repulsion field 1, foul stench 1, powered by death 2
a: Renounce Religion, Shadow Step, Shadow Form


You were on level 9 of the Dungeon.
You worshipped Dithmenos.
Dithmenos was extremely pleased with you.
You visited 1 branch of the dungeon, and saw 9 of its levels.
You also visited: Sewer.

You collected 476 gold pieces.

Inventory:

Hand Weapons
 o - a +2 flail of venom (weapon)
 u - a +1 flail of protection
Missiles
 D - a curare-tipped dart (quivered)
Armour
 c - a +0 buckler (worn)
 x - a +4 scale mail of cold resistance (worn)
 I - a +0 plate armour
Jewellery
 e - a ring of ice
 k - an amulet of guardian spirit (around neck)
 t - an amulet of the acrobat
 H - a ring of positive energy
Wands
 m - a wand of flame (33)
 v - a wand of polymorph (14)
 A - a wand of charming (5)
Scrolls
 a - a scroll of enchant weapon {unknown}
 b - 3 scrolls of poison
 j - a scroll of fog
 s - a scroll of blinking
 w - a scroll of magic mapping {unknown}
 y - a scroll of noise {unknown}
 B - a scroll of fear
 E - a scroll of summoning
 F - a scroll of amnesia
Potions
 d - 2 potions of might
 f - 4 potions of mutation
 g - 2 potions of flight
 h - a potion of lignification
 i - a potion of invisibility
 l - 2 potions of attraction
 n - 2 potions of magic {unknown}
 p - 5 potions of curing
 q - 2 potions of resistance
 r - a potion of degeneration {unknown}
 z - a potion of ambrosia {unknown}
 C - a potion of brilliance {unknown}
 G - a potion of berserk rage


   Skills:
 - Level 3.8 Fighting
 + Level 14.9 Maces & Flails
 - Level 3.4 Armour
 - Level 3.4 Shields


You had 9 spell levels left.
You didn't know any spells.
Your spell library contained the following spells:

 Spells                   Type           Power      Damage    Failure   Level
 Slow                     Hex            0%         N/A       80%         1
 Confusing Touch          Hex            0%         N/A       99%         3
 Vampiric Draining        Necr           0%         2d6       99%         3


Dungeon Overview and Level Annotations

Branches:
Dungeon (9/15)             Temple (0/1) D:6           Sewer (visited)
   Lair: D:8-11         Orc: D:9-12

Altars:
Ashenzari
Cheibriados
Dithmenos
Fedhas
Hepliaklqana
Makhleb
Nemelex Xobeh
Okawaru
Trog
Uskayaw
Yredelemnul
The Shining One

Shops:
D:8 *


Innate Abilities, Weirdness & Mutations

You have a pair of small horns on your head.
You are surrounded by a mild repulsion field. (EV +2)
You may rarely emit foul miasma when damaged in melee.
You regenerate health from kills.


Message History

You feel sick.
You feel sick.
You feel sick.
You are no longer poisoned.
You see here a yak corpse.
A komodo dragon comes into view.
A komodo dragon is nearby!
A komodo dragon is nearby!
A komodo dragon is nearby!
A komodo dragon is nearby!
You see here a yak corpse.
There is a stone staircase leading down here.
You see here a bullfrog skeleton.
You closely miss the komodo dragon. The komodo dragon bites you!
You barely miss the komodo dragon.
Your shadow hits the komodo dragon with a flail.
The komodo dragon misses you.
You sock the komodo dragon! You headbutt the komodo dragon.
The komodo dragon is moderately wounded.
You sock the komodo dragon!
The komodo dragon is heavily wounded.
The komodo dragon bites you!!
You barely miss the komodo dragon.
The komodo dragon is heavily wounded.
The komodo dragon bites you!
You are too injured to fight recklessly!
You are too injured to fight recklessly!
You hit the komodo dragon.
You headbutt the komodo dragon, but do no damage.
The komodo dragon is heavily wounded.
You closely miss the komodo dragon. You headbutt the komodo dragon.
The komodo dragon is heavily wounded.
The komodo dragon bites you!!
* * * LOW HITPOINT WARNING * * *
Unknown command.
Things that are here:
a yak corpse; a bullfrog corpse The komodo dragon attacks as you move away!
The komodo dragon bites you!!
You die...

#.# #...##### #<#
####....))..
.....P....##.#
##.#....###).
........P.##.#
##.#..#.####..
....P.....##.#
#.###.........
....P.P...##.#
##.#....###### ......P...
#.# #..#.### # .....P.P.
#.# #..#.# # ........##
#@# ##..#.####
......P..###l###.........
.P........†>.......######
.....#...######....# P..#
##.## #........ ## #.#
#.....##.# # #.# ##....#
#.# #....# . #.# #..#.# .


You could see a komodo dragon.

Vanquished Creatures
  A komodo dragon (D:9)
  Prince Ribbit (D:8)
  Sigmund (D:3)
  A wyvern (D:5)
  10 yaks
  A steam dragon (D:8)
  Menkaure (D:5)
  5 water moccasins
  Edmund (D:4)
  2 orc warriors
  3 ice beasts
  A black bear (D:7)
  3 sky beasts
  2 ogres
  3 centaurs
  5 phantoms
  3 kobold brigands
  8 bullfrogs
  A gnoll sergeant (D:4)
  2 necrophages (D:6)
  A scorpion (D:4)
  Blork the orc (D:4)
  10 killer bees
  2 electric eels (D:7)
  A howler monkey (D:9)
  8 hounds
  2 jellies
  A gnoll shaman (D:9)
  4 orc priests
  Ijyb (D:4)
  9 orc wizards
  A hound skeleton (D:6)
  Robin (D:3)
  5 adders
  12 gnolls
  A shadow imp (D:6)
  2 white imps
  An ufetubus (D:7)
  A worm (D:5)
  4 dart slugs
  45 orcs
  8 endoplasms
  4 giant cockroaches
  13 goblins
  13 hobgoblins
  3 jackals (D:3)
  7 quokkas
  9 ball pythons
  10 bats
  3 frilled lizards
  23 kobolds
  7 rats
268 creatures vanquished.

Vanquished Creatures (collateral kills)
  A wyvern (D:5)
  A worm (D:5)
2 creatures vanquished.

Vanquished Creatures (others)
  55 fungi
  52 plants
  5 toadstools (D:2)
112 creatures vanquished.

Grand Total: 382 creatures vanquished

Notes
Turn   | Place    | Note
-------+----------+-------------------------------------------
     0 | D:1      | CollectiveS the Demonspawn Fighter began the quest for the
                  | Orb.
     0 | D:1      | Reached XP level 1. HP: 18/18 MP: 1/1
   279 | D:1      | Reached skill level 2 in Maces & Flails
   373 | D:1      | Gained mutation: You regenerate a little health from kills.
                  | [demonic ancestry]
   373 | D:1      | Reached XP level 2. HP: 21/24 MP: 2/2
   480 | D:1      | Found a faded altar of an unknown god.
   521 | D:1      | Prayed at the altar of an unknown god.
   521 | D:1      | Became a worshipper of Dithmenos the Shadowed
   521 | D:1      | Reached * piety under Dithmenos
   720 | D:1      | Gained mutation: You have a pair of small horns on your
                  | head. [demonic ancestry]
   720 | D:1      | Reached XP level 3. HP: 25/29 MP: 3/3
  1562 | D:2      | Reached XP level 4. HP: 34/35 MP: 4/4
  1874 | D:2      | Reached ** piety under Dithmenos
  2224 | D:3      | Found a sparkling altar of Nemelex Xobeh.
  2563 | D:3      | Gained mutation: You regenerate health from kills. [demonic
                  | ancestry]
  2563 | D:3      | Reached XP level 5. HP: 33/42 MP: 5/5
  2947 | D:3      | Noticed Robin
  3010 | D:3      | Killed Robin
  3011 | D:3      | Reached skill level 3 in Maces & Flails
  3386 | D:3      | Noticed Sigmund
  3775 | D:4      | Noticed a phantom
  3791 | D:4      | Killed a phantom
  3792 | D:4      | Reached skill level 4 in Maces & Flails
  3865 | D:4      | Noticed a phantom
  3866 | D:4      | Found a hide-covered altar of Uskayaw.
  3877 | D:4      | Killed a phantom
  3878 | D:4      | Reached XP level 6. HP: 40/48 MP: 6/6
  3899 | D:4      | Reached skill level 5 in Maces & Flails
  3914 | D:4      | Found an iron altar of Okawaru.
  3917 | D:4      | Noticed Blork the orc
  3930 | D:4      | Killed Blork the orc
  4051 | D:4      | Noticed Ijyb
  4052 | D:4      | Found a glowing drain.
  4063 | Sewer    | Entered a sewer
  4118 | Sewer    | Noticed a water moccasin
  4134 | Sewer    | Killed a water moccasin
  4135 | Sewer    | Reached skill level 6 in Maces & Flails
  4135 | Sewer    | Reached XP level 7. HP: 25/53 MP: 7/7
  4642 | D:3      | Killed Sigmund
  4657 | D:3      | Reached *** piety under Dithmenos
  4856 | D:4      | Killed Ijyb
  4857 | D:4      | Reached skill level 7 in Maces & Flails
  4864 | D:4      | Noticed Edmund
  4876 | D:4      | Killed Edmund
  5324 | D:5      | Entered Level 5 of the Dungeon
  5334 | D:5      | Noticed a wyvern
  5335 | D:5      | Found a broken altar of Ashenzari.
  5345 | D:5      | Killed a wyvern
  5346 | D:5      | Gained mutation: You are surrounded by a mild repulsion
                  | field. (EV +2) [demonic ancestry]
  5346 | D:5      | Reached XP level 8. HP: 44/60 MP: 6/8
  5377 | D:5      | Reached skill level 8 in Maces & Flails
  5746 | D:5      | Noticed Menkaure
  5999 | D:5      | Killed Menkaure
  6000 | D:5      | Reached skill level 9 in Maces & Flails
  6182 | D:5      | Found a snail-covered altar of Cheibriados.
  6559 | D:5      | Found a basalt altar of Yredelemnul.
  6560 | D:5      | Noticed a troll
  7382 | D:4      | Identified the +6 leather armour "Gephino" {+Blink rC-
                  | Str+5 Stlth+}
  7564 | D:6      | Found a burning altar of Makhleb.
  7574 | D:6      | Reached skill level 10 in Maces & Flails
  7676 | D:6      | Gained mutation: You may rarely emit foul miasma when
                  | damaged in melee. [demonic ancestry]
  7676 | D:6      | Reached XP level 9. HP: 61/65 MP: 7/9
  7860 | D:6      | Found a staircase to the Ecumenical Temple.
  7885 | D:6      | Reached skill level 11 in Maces & Flails
  7890 | D:6      | Reached **** piety under Dithmenos
  7897 | D:6      | Found a basalt altar of Yredelemnul.
  8301 | D:6      | Reached skill level 12 in Maces & Flails
  9837 | D:7      | Reached XP level 10. HP: 71/71 MP: 10/10
 10152 | D:7      | Reached skill level 13 in Maces & Flails
 10466 | D:8      | Found a blossoming altar of Fedhas.
 10528 | D:8      | Found a bloodstained altar of Trog.
 10759 | D:8      | Reached ***** piety under Dithmenos
 11299 | D:8      | Noticed Prince Ribbit
 11310 | D:8      | Killed Prince Ribbit
 11644 | D:8      | Found a hazy altar of Hepliaklqana.
 11675 | D:8      | Found Ivaejot's Assorted Antiques.
 11983 | D:9      | Reached skill level 14 in Maces & Flails
 12560 | D:9      | Mangled by a komodo dragon

Illustrated notes

Levels and vault maps discovered:
D:1:      wander_arrival_chamber, layout_loops_ring,
          shapermc_ecumenical_altar_mp_ritualfount, chequers_avenue
D:2:      layout_loops_cross, wad_floor_pattern_1, minmay_gold_behind_fungi
D:3:      layout_loops_ring, marbit_many_paths, corexii_corridor_pit,
          chequers_serial_rivers_room_b, serial_park_tiny_1,
          grunt_ministairs_11, uniq_sigmund, uniq_robin
D:4:      layout_basic, okawaru_metal_pillars_3, amcnicky_altar_gilded,
          cheibrodos_sewer_entry_drain, minivault_5, minmay_misc_feat_columns,
          uniq_ijyb, uniq_blork_the_orc, uniq_edmund
D:5:      layout_cave_pools, mainiacjoe_overflow_alcove_4,
          nicolae_tso_carved_into_rock, ashenzari_altar_1, serial_column_ruins,
          column_ruins_open_medium, column_ruins_grid_1, column_ruins_open_tiny,
          column_ruins_columns_dead_end, amcnicky_mini_rare_corridor_liquid,
          minmay_door_square, roderic_malta_cross, hangedman_feature_mirror,
          dk_vineyard_3, uniq_menkaure
D:6:      layout_rooms, makhleb_blood_cavern_becter, yredelemnul_altar_generic,
          minmay_temple_entry_mini_moons, minivault_24,
          small_statue_intersection, chequers_serial_rivers_large_b
D:7:      wander_river, layout_rooms, chequers_big_river, corner_web_ring,
          hex_medium
D:8:      hellmonk_ruined_rings, layout_basic, mainiacjoe_overflow_brackets,
          worldfamousw_hep_ancestral_shrine, mainiacjoe_overflow_chevrons,
          serial_shops, kennysheep_mini, uniq_prince_ribbit1
D:9:      layout_loops_ring, due_lair_maze_entry_diamond, orc_0_dummy,
          uniq_maggie

Skill      XL: |  1  2  3  4  5  6  7  8  9 10 |
---------------+-------------------------------+-----
Maces & Flails | 2 4 6 7 10 12 14 | 14.9
Armour         | 3 |  3.4
Shields        | 3 |  3.4
Fighting       | |  3.8

Action                   |  1- 3 |  4- 6 |  7- 9 | 10-12 || total
-------------------------+-------+-------+-------+-------++-------
Melee: Flail             |   122 |   206 |   302 |   242 ||   872
       Headbutt          |     8 |    34 |    53 |    50 ||   145
       Unarmed           |       |    15 |       |       ||    15
Throw: Throwing net      |       |       |     1 |       ||     1
Evoke: Wand              |       |       |    17 |    10 ||    27
  Use: Potion            |       |     2 |     1 |       ||     3
       Scroll            |       |       |    12 |     3 ||    15
 Stab: Distracted        |       |       |     1 |       ||     1
Armor: Scale mail        |    41 |       |    92 |    52 ||   185
       Chain mail        |    34 |   143 |    40 |       ||   217
Dodge: Dodged            |    56 |    97 |   161 |   103 ||   417
Block: Buckler           |    41 |    55 |    74 |    41 ||   211

Table legend: (Time is in decaauts)
 A = Elapsed time spent in this place.
 B = Non-inter-level travel time spent in this place.
 C = Inter-level travel time spent in this place.
 D = Time resting spent in this place.
 E = Time spent auto-exploring this place.
 F = Levels seen in this place.
 G = Mean time per level.
                   A        B        C        D        E       F      G
               +--------+--------+--------+--------+--------+-----+--------+
         Total |  12660 |  11641 |   1019 |   2122 |   6262 |  10 | 1266.0 |
       Dungeon |  12329 |  11310 |   1019 |   1937 |   6213 |   9 | 1369.9 |
         Sewer |    330 |    330 |      0 |    185 |     49 |   1 |  330.0 |
               +--------+--------+--------+--------+--------+-----+--------+

Top non-repeatable levels by time:
     D:4: 1754 daAuts
     D:3: 1655 daAuts
     D:8: 1626 daAuts
     D:6: 1527 daAuts
     D:1: 1474 daAuts
     D:5: 1387 daAuts
     D:7: 1385 daAuts
     D:2: 966 daAuts
     D:9: 551 daAuts
   Sewer: 330 daAuts
